[Event "Hungarian Youth-ch I 2024"]
[Site "Szolnok"]
[Date "2024.04.05"]
[Round "7.9"]
[White "Gyorfi, Adam"]
[Black "Apro, Barnabas"]
[Result "1/2-1/2"]
[ECO "D38"]
[WhiteElo "2042"]
[BlackElo "2026"]
[Annotator "RC"]
[PlyCount "72"]
[EventDate "2024.03.31"]
[EventType "swiss"]
[EventCountry "HUN"]
[SourceTitle "playchess.com"]
[Source "ChessBase"]
[SourceQuality "1"]
[TimeControl "5400+30"]

1. d4 d5 2. Nf3 Nf6 3. c4 e6 4. Nc3 Bb4 5. cxd5 exd5 6. Bg5 h6 7. Bh4 Bf5 8. e3 Nbd7 9. Bd3 Bxd3 10. Qxd3 c6 11. O-O O-O 12. Nd2 Re8 13. Rfe1 Rc8 14. a3 Be7 15. Rac1 Qb6 16. b4 a5 17. Na4 Qa7 18. Nc5 axb4 19. axb4 b6 20. Ra1 Nxc5 21. bxc5 Qb7 22. cxb6 Qxb6 23. Reb1 Qc7 24. Bxf6 Bxf6 25. Nb3 Be7 26. g3 Bd6 27. Rc1 h5 28. Qf5 g6 29. Qf3 Kg7 30. Nc5 h4 31. Kg2 Rh8 32. Rab1 Rb8 33. Rxb8 Qxb8 34. Nd7 Qd8 35. Ne5 Bxe5 36. dxe5 Qe7 1/2-1/2

[Event "Hungarian Youth-ch I 2024"]
[Site "Szolnok"]
[Date "2024.04.05"]
[Round "7.10"]
[White "Megyaszai, Balazs"]
[Black "Bodrogi, Bendeguz"]
[Result "1/2-1/2"]
[ECO "B12"]
[WhiteElo "2029"]
[BlackElo "2316"]
[Annotator "RC"]
[PlyCount "102"]
[EventDate "2024.03.31"]
[EventType "swiss"]
[EventCountry "HUN"]
[SourceTitle "playchess.com"]
[Source "ChessBase"]
[SourceQuality "1"]
[TimeControl "5400+30"]

1. e4 c6 2. d4 d5 3. e5 Bf5 4. h4 h5 5. Bd3 Bxd3 6. Qxd3 Qa5+ 7. Nd2 e6 8. Ngf3 Nh6 9. O-O Nf5 10. Nb3 Qa6 11. Qd1 Nd7 12. Bg5 b6 13. Re1 c5 14. c3 Rc8 15. g3 g6 16. Bf6 Nxf6 17. exf6 c4 18. Nbd2 b5 19. a3 Qb6 20. Qe2 Bd6 21. Ne5 Bxe5 22. Qxe5 Qd6 23. Qe2 Qd8 24. Qe5 Qd6 25. Qe2 Qd8 26. Qe5 Nh6 27. a4 Ng4 28. Qg5 b4 29. cxb4 Qxf6 30. Qxf6 Nxf6 31. b5 O-O 32. Rec1 a6 33. bxa6 Rb8 34. a7 Rb7 35. b3 cxb3 36. Nxb3 Ra8 37. Nc5 Rbxa7 38. Rcb1 Ne4 39. Nxe4 dxe4 40. Rb4 Kg7 41. Kf1 f5 42. Ke2 Kf6 43. Ke3 Ra5 44. Rb6 Rxa4 45. Rxa4 Rxa4 46. d5 Ra3+ 47. Ke2 Ra5 48. Rxe6+ Kf7 49. Rd6 Ra3 50. Rd7+ Kf6 51. Rd6+ Kf7 1/2-1/2

[Event "Hungarian Youth-ch I 2024"]
[Site "Szolnok"]
[Date "2024.04.05"]
[Round "7.11"]
[White "Feher, Botond"]
[Black "Sinoros-Szabo, Daniel"]
[Result "1-0"]
[ECO "E91"]
[WhiteElo "2018"]
[BlackElo "1971"]
[Annotator "RC"]
[PlyCount "101"]
[EventDate "2024.03.31"]
[EventType "swiss"]
[EventCountry "HUN"]
[SourceTitle "playchess.com"]
[Source "ChessBase"]
[SourceQuality "1"]
[TimeControl "5400+30"]

1. d4 Nf6 2. Nf3 g6 3. c4 Bg7 4. Nc3 O-O 5. e4 d6 6. Be2 Nbd7 7. Be3 e5 8. d5 Nc5 9. Nd2 a5 10. a3 Ne8 11. b4 Nd7 12. Nb3 b6 13. bxa5 bxa5 14. c5 Nxc5 15. Nxc5 dxc5 16. Bxc5 Nd6 17. O-O f5 18. f3 Bd7 19. Rb1 Bh6 20. Kh1 Bf4 21. a4 Qh4 22. Bg1 Rab8 23. Qd3 Rb4 24. Rxb4 axb4 25. Nb5 Bxb5 26. axb5 Ne8 27. Qc4 Nf6 28. g3 Bxg3 29. exf5 Kg7 30. fxg6 hxg6 31. Qxh4 Bxh4 32. Bc4 Ne8 33. Be2 Be7 34. Kg2 Bd6 35. Be3 Nf6 36. Bc4 Ra8 37. Rb1 Nd7 38. Bd3 Ra3 39. Rd1 Nf6 40. Bc1 Ra2+ 41. Kh1 Nxd5 42. Bc4 Nc3 43. Rxd6 Ra1 44. Rd7+ Kf8 45. Rf7+ Ke8 46. Rxc7 Rxc1+ 47. Kg2 Nd5 48. b6 Nxb6 49. Bb5+ Kd8 50. Rxc1 Ke7 51. Bc4 1-0

[Event "Hungarian Youth-ch I 2024"]
[Site "Szolnok"]
[Date "2024.04.05"]
[Round "7.12"]
[White "Jokai, Bence"]
[Black "Lehocz, Jozsef Jr."]
[Result "0-1"]
[ECO "B76"]
[WhiteElo "1750"]
[BlackElo "2143"]
[Annotator "RC"]
[PlyCount "148"]
[EventDate "2024.03.31"]
[EventType "swiss"]
[EventCountry "HUN"]
[SourceTitle "playchess.com"]
[Source "ChessBase"]
[SourceQuality "1"]
[TimeControl "5400+30"]

1. e4 c5 2. Nf3 d6 3. d4 cxd4 4. Nxd4 Nf6 5. Nc3 g6 6. Be3 Bg7 7. f3 O-O 8. Qd2 Nc6 9. g4 Be6 10. h4 d5 11. Nxe6 fxe6 12. O-O-O d4 13. Bxd4 Qxd4 14. Qxd4 Nxd4 15. Rxd4 Nxg4 16. Rd7 Nf2 17. Rg1 Rxf3 18. Bc4 Kf7 19. Rf1 Bxc3 20. bxc3 Rc8 21. Be2 Rf4 22. Rxb7 e5 23. Rxa7 Rxc3 24. Kb2 Nxe4 25. Ra4 Re3 26. Rxf4+ exf4 27. Bd3 Nd6 28. Rxf4+ Ke6 29. a4 Kd5 30. a5 e5 31. Rb4 e4 32. Bf1 Rf3 33. Bg2 Rf7 34. Kc3 Ra7 35. Rd4+ Ke5 36. Ra4 h6 37. Kb4 g5 38. Kc5 e3 39. Kb6 Nc8+ 40. Kc5 Nd6 41. Kb6 Nc8+ 42. Kc5 gxh4 43. Rxh4 Rxa5+ 44. Kb4 Ra2 45. Re4+ Kf5 46. Kb3 Nd6 47. Rxe3 Ra7 48. Rh3 Kg5 49. Bf3 Nf5 50. Bd1 Rb7+ 51. Kc3 Ng7 52. Rg3+ Kf6 53. Rh3 Kg5 54. Rg3+ Kf4 55. Rg6 h5 56. Rxg7 Rxg7 57. Bxh5 Ke5 58. Be2 Rb7 59. Bf1 Rb8 60. Be2 Kd5 61. Kd3 Kc5 62. Kc3 Rb4 63. Kd3 Ra4 64. Kc3 Ra3+ 65. Kd2 Kd4 66. Bd3 Rc3 67. Bg6 Rg3 68. Bd3 Rg2+ 69. Be2 Rh2 70. Ke1 Ke3 71. Kf1 Rf2+ 72. Ke1 Rxe2+ 73. Kd1 Rh2 74. Kc1 Kd4 0-1

[Event "Hungarian Youth-ch I 2024"]
[Site "Szolnok"]
[Date "2024.04.05"]
[Round "7.13"]
[White "Kovacs, Kristof"]
[Black "Janosi, Bence"]
[Result "1/2-1/2"]
[ECO "D02"]
[WhiteElo "2000"]
[BlackElo "1893"]
[Annotator "RC"]
[PlyCount "83"]
[EventDate "2024.03.31"]
[EventType "swiss"]
[EventCountry "HUN"]
[SourceTitle "playchess.com"]
[Source "ChessBase"]
[SourceQuality "1"]
[TimeControl "5400+30"]

1. d4 d5 2. Nf3 Nf6 3. g3 e6 4. Bg2 b5 5. O-O Bb7 6. Nbd2 c5 7. dxc5 Bxc5 8. Nb3 Bb6 9. a4 bxa4 10. Rxa4 Nbd7 11. Bd2 Ne4 12. Ba5 O-O 13. Nfd2 Nec5 14. Bxb6 Qxb6 15. Rh4 Rfc8 16. c3 a5 17. Qc2 Nf6 18. Ra1 Bc6 19. Nxc5 Qxc5 20. Ra3 Bd7 21. e4 g5 22. Rh3 e5 23. Rh6 Kg7 24. Rxf6 Kxf6 25. exd5 Kg7 26. Ne4 Qe7 27. d6 Qd8 28. Qd2 f6 29. h4 h6 30. Qe3 Bc6 31. Rb3 Rab8 32. Rxb8 Rxb8 33. Qc5 Qb6 34. d7 Qxc5 35. Nxc5 Bxd7 36. Nxd7 Rxb2 37. hxg5 hxg5 38. Nc5 Rc2 39. Na4 Rc1+ 40. Kh2 Rc2 41. Kg1 Rc1+ 42. Kh2 1/2-1/2

[Event "Hungarian Youth-ch I 2024"]
[Site "Szolnok"]
[Date "2024.04.05"]
[Round "7.14"]
[White "Kasa, Barnabas"]
[Black "Horvath, Andras"]
[Result "0-1"]
[ECO "C50"]
[WhiteElo "1803"]
[BlackElo "2260"]
[Annotator "RC"]
[PlyCount "82"]
[EventDate "2024.03.31"]
[EventType "swiss"]
[EventCountry "HUN"]
[SourceTitle "playchess.com"]
[Source "ChessBase"]
[SourceQuality "1"]
[TimeControl "5400+30"]

1. e4 e5 2. Nf3 Nc6 3. Bc4 Nf6 4. d3 Bc5 5. c3 d6 6. O-O a6 7. Bb3 h6 8. Nbd2 O-O 9. h3 Ba7 10. Re1 Re8 11. Nf1 Be6 12. Ng3 d5 13. Qe2 dxe4 14. dxe4 Bxb3 15. axb3 Qd7 16. Rd1 Qe6 17. Nf5 Nh5 18. N3h4 Nf4 19. Bxf4 exf4 20. Qg4 g5 21. Nf3 Qg6 22. Rd5 f6 23. N3h4 Qh7 24. Rd7 Ne7 25. Nxe7+ Rxe7 26. Rad1 h5 27. Rxe7 hxg4 28. Rxh7 Kxh7 29. Rd7+ Kg8 30. Nf5 g3 31. Nd4 Re8 32. f3 f5 33. Kf1 fxe4 34. Rxc7 Bxd4 35. cxd4 exf3 36. gxf3 Re3 37. Rxb7 Rxf3+ 38. Kg1 Rd3 39. Rb6 f3 40. Rg6+ Kf7 41. Rxg5 Rd1# 0-1

[Event "Hungarian Youth-ch I 2024"]
[Site "Szolnok"]
[Date "2024.04.05"]
[Round "7.15"]
[White "Papai, Mate"]
[Black "Hegedus, Bernat"]
[Result "1/2-1/2"]
[ECO "D43"]
[WhiteElo "1887"]
[BlackElo "1778"]
[Annotator "NA RC"]
[PlyCount "72"]
[EventDate "2024.03.31"]
[EventType "swiss"]
[EventCountry "HUN"]
[SourceTitle "playchess.com"]
[Source "ChessBase"]
[SourceQuality "1"]
[TimeControl "5400+30"]

1. d4 d5 2. c4 e6 3. Nc3 c6 4. Nf3 Nf6 5. cxd5 exd5 6. Bg5 h6 7. Bh4 Bf5 8. e3 Qb6 9. Qc1 Nbd7 10. Bxf6 {[%emt 0:06:02] D35: Queen's Gambit Declined: Exchange Variation.} Nxf6 11. Ne5 Bd6 12. Bd3 Bxd3 13. Nxd3 Ne4 14. O-O O-O 15. Nxe4 dxe4 16. Nc5 Bxc5 17. dxc5 Qb4 18. Rd1 Rad8 19. Qc2 Rd5 20. Rxd5 cxd5 21. a3 Qb5 22. b4 Rc8 (22... a5 $11) 23. Rd1 a5 24. Qc3 (24. h3 $14 {feels stronger.}) 24... b6 $1 25. Rxd5 bxc5 26. Rxc5 Rxc5 27. Qxc5 Qxc5 28. bxc5 Kf8 $11 29. Kf1 Ke7 30. Ke2 Kd7 31. Kd2 Kc6 32. Kc3 Kxc5 33. a4 f5 34. g3 g5 35. h4 Kd5 36. h5 Kc5 1/2-1/2

[Event "Hungarian Youth-ch I 2024"]
[Site "Szolnok"]
[Date "2024.04.05"]
[Round "7.16"]
[White "Pergel, Bence"]
[Black "Hangay, Oliver"]
[Result "0-1"]
[ECO "A47"]
[WhiteElo "1752"]
[BlackElo "1962"]
[Annotator "RC"]
[PlyCount "64"]
[EventDate "2024.03.31"]
[EventType "swiss"]
[EventCountry "HUN"]
[SourceTitle "playchess.com"]
[Source "ChessBase"]
[SourceQuality "1"]
[TimeControl "5400+30"]

1. Nf3 Nf6 2. d4 b6 3. c4 Bb7 4. Nc3 d5 5. e3 e6 6. Be2 Be7 7. b3 O-O 8. Bb2 Nbd7 9. O-O c5 10. Rc1 Rc8 11. Re1 cxd4 12. Nxd4 dxc4 13. Bxc4 Ne5 14. Be2 Bb4 15. a3 Bxc3 16. Rxc3 Qd5 17. Bf3 Nxf3+ 18. Qxf3 Qd7 19. Qe2 Ne4 20. Rcc1 e5 21. Nf3 f6 22. Red1 Qe6 23. b4 Nd6 24. Nd2 Qa2 25. Bc3 Ne4 26. Qd3 Rfd8 27. Bd4 Rxc1 28. Rxc1 Qxd2 29. Qc4+ Bd5 30. Qc7 Qxf2+ 31. Kh1 Ng3+ 32. hxg3 Qxg2# 0-1

[Event "Hungarian Youth-ch I 2024"]
[Site "Szolnok"]
[Date "2024.04.05"]
[Round "7.17"]
[White "Meszaros-Csonka, David"]
[Black "Li, Changxing"]
[Result "1-0"]
[ECO "D00"]
[WhiteElo "1941"]
[BlackElo "1755"]
[Annotator "RC"]
[PlyCount "61"]
[EventDate "2024.03.31"]
[EventType "swiss"]
[EventCountry "HUN"]
[SourceTitle "playchess.com"]
[Source "ChessBase"]
[SourceQuality "1"]
[TimeControl "5400+30"]

1. d4 d5 2. Bf4 Nf6 3. e3 e6 4. Nd2 c5 5. c3 Nc6 6. Ngf3 cxd4 7. exd4 Nh5 8. Be5 f6 9. Bg3 Nxg3 10. hxg3 Bd6 11. Bd3 f5 12. Qe2 Qf6 13. O-O-O Bd7 14. Rde1 O-O-O 15. Kb1 Kb8 16. Bb5 Rde8 17. Bxc6 Bxc6 18. Ne5 Bxe5 19. Qxe5+ Ka8 20. Qxf6 gxf6 21. Rh6 Rhf8 22. Rxh7 e5 23. Nf3 e4 24. Nh4 Bb5 25. Rh5 Bd3+ 26. Kc1 Rh8 27. Rxh8 Rxh8 28. Nxf5 Rh2 29. Nh4 a5 30. Kd2 Ka7 31. Ke3 1-0

[Event "Hungarian Youth-ch I 2024"]
[Site "Szolnok"]
[Date "2024.04.05"]
[Round "7.18"]
[White "Cser, Matyas"]
[Black "Nagy, Norbert"]
[Result "0-1"]
[ECO "B40"]
[WhiteElo "1420"]
[BlackElo "1629"]
[Annotator "NA RC"]
[PlyCount "62"]
[EventDate "2024.03.31"]
[EventType "swiss"]
[EventCountry "HUN"]
[SourceTitle "playchess.com"]
[Source "ChessBase"]
[SourceQuality "1"]
[TimeControl "5400+30"]

1. e4 c5 2. Nf3 e6 3. Nc3 Nc6 4. Bb5 a6 5. Bxc6 bxc6 6. d3 Be7 7. O-O Qc7 8. Bd2 Nf6 9. Re1 d5 10. Qe2 d4 11. Nd1 e5 12. b3 h6 13. Nb2 g5 14. Nc4 Bd6 15. Ba5 Qe7 16. c3 Nh5 17. Nfd2 Nf4 18. Qf1 h5 19. Nb6 Rb8 20. Nxc8 Rxc8 21. g3 Ne6 22. Nf3 h4 23. Qh3 Kd7 24. g4 Nf4 25. Qf1 h3 26. Kh1 f6 27. Red1 Qe6 28. Qg1 Ne2 29. Qf1 Qxg4 30. cxd4 Qxf3+ 31. Qg2 Qxg2# 0-1

[Event "Hungarian Youth-ch I 2024"]
[Site "Szolnok"]
[Date "2024.04.05"]
[Round "7.19"]
[White "Golya, David"]
[Black "Botond, Laszlo"]
[Result "1-0"]
[ECO "B40"]
[WhiteElo "1672"]
[BlackElo "1831"]
[Annotator "NA RC"]
[PlyCount "113"]
[EventDate "2024.03.31"]
[EventType "swiss"]
[EventCountry "HUN"]
[SourceTitle "playchess.com"]
[Source "ChessBase"]
[SourceQuality "1"]
[TimeControl "5400+30"]

1. e4 c5 2. Nf3 e6 3. d4 cxd4 4. Nxd4 Nf6 5. Nc3 Bb4 6. Bd3 h6 {[%emt 0:04:18] B40: Sicilian: 2...e6, Unusual lines.} 7. O-O O-O 8. Bf4 d6 9. Bg3 Nc6 10. Nxc6 bxc6 11. a3 Bc5 (11... Bxc3 $11 12. bxc3 e5) 12. Qe2 d5 13. e5 Nd7 14. Qg4 Qg5 15. Qxg5 hxg5 16. Ne2 (16. Na4 $15 {deserves consideration.}) 16... f6 17. exf6 gxf6 18. b4 Be7 19. Nd4 Nb8 20. Bxb8 Rxb8 21. Nxc6 Rb7 22. Ba6 Rc7 23. Bxc8 Rfxc8 24. b5 Bd6 25. Rfe1 e5 26. a4 Ra8 27. Rad1 d4 28. c3 a6 29. cxd4 axb5 30. axb5 exd4 31. Rxd4 Bc5 32. Rd5 Bf8 33. h3 Ra2 34. Re6 Kg7 35. b6 Rb7 36. Nd8 Rb8 37. b7 Ra1+ 38. Kh2 Bc5 39. Rd7+ Kg6 40. Nc6 Ba7 41. Nxb8 Bxb8+ 42. g3 g4 43. hxg4 Kg5 44. Rg7+ Kh6 45. Rg8 Kh7 46. Ree8 f5 47. Rh8+ Kg7 48. Rxb8 fxg4 49. Rbg8+ Kf6 50. b8=Q Rh1+ 51. Kxh1 Ke6 52. Rh6+ Kd5 53. Qd6+ Ke4 54. Rxg4+ Kf3 55. Rf4+ Ke2 56. Re6+ Kf1 57. Qd1# 1-0

[Event "Hungarian Youth-ch I 2024"]
[Site "Szolnok"]
[Date "2024.04.05"]
[Round "7.20"]
[White "Koncz, Botond"]
[Black "Fan, Xiaotong"]
[Result "0-1"]
[ECO "B24"]
[WhiteElo "1474"]
[BlackElo "1731"]
[Annotator "NA RC"]
[PlyCount "66"]
[EventDate "2024.03.31"]
[EventType "swiss"]
[EventCountry "HUN"]
[SourceTitle "playchess.com"]
[Source "ChessBase"]
[SourceQuality "1"]
[TimeControl "5400+30"]

1. e4 c5 2. Nc3 Nc6 3. g3 g6 4. Bg2 Bg7 5. Nge2 e6 6. d3 d6 7. Be3 Nd4 8. Qd2 Rb8 9. O-O Ne7 10. f4 O-O 11. Nd1 Bd7 12. c3 Nxe2+ 13. Qxe2 Bc6 14. Nf2 f5 15. Rfd1 b6 16. Rab1 Qc7 17. Bd2 e5 18. Re1 Rbe8 19. Kh1 Qb7 20. c4 fxe4 21. Nxe4 Qc7 22. Ng5 Nf5 23. Qd1 Qb7 24. Ne4 d5 25. cxd5 Bxd5 26. Qc2 Nd4 27. Qc3 exf4 28. Qc1 f3 29. Bf1 Bxe4 30. dxe4 Rxe4 31. Re3 Rxe3 32. Bxe3 f2+ 33. Bg2 f1=Q+ 0-1

[Event "Hungarian Youth-ch I 2024"]
[Site "Szolnok"]
[Date "2024.04.05"]
[Round "7.21"]
[White "Sipos, Stefania"]
[Black "Alexandrova, Angelina"]
[Result "1-0"]
[ECO "C18"]
[WhiteElo "1885"]
[BlackElo "1812"]
[Annotator "NA RC"]
[PlyCount "49"]
[EventDate "2024.03.31"]
[EventType "swiss"]
[EventCountry "HUN"]
[SourceTitle "playchess.com"]
[Source "ChessBase"]
[SourceQuality "1"]
[TimeControl "5400+30"]

1. e4 e6 2. d4 d5 3. Nc3 Bb4 4. e5 c5 5. a3 Bxc3+ 6. bxc3 Ne7 7. h4 Qc7 8. h5 {[%emt 0:00:14] C18: French: 3 Nc3 Bb4: Main line: 7 h4 and 7 Qg4.} h6 9. Rb1 Nbc6 10. Qg4 Kf8 11. Rh3 Nf5 12. Qf4 b6 13. g4 Nfe7 14. Rf3 Nd8 15. Bd3 c4 16. Bf1 Bd7 17. Bh3 Ba4 18. Kd1 Ke8 19. Qg3 Kd7 20. g5 hxg5 21. Bxg5 Rxh5 $2 ({Better is} 21... Kc8 $14) 22. Bxe7 Kxe7 23. Qxg7 Qc6 $18 24. Ne2 Qe8 25. Nf4 1-0

[Event "Hungarian Youth-ch I 2024"]
[Site "Szolnok"]
[Date "2024.04.05"]
[Round "7.22"]
[White "Kiraly, Lilla Virag"]
[Black "Buri, Petra Zsuzsanna"]
[Result "0-1"]
[ECO "A45"]
[WhiteElo "1923"]
[BlackElo "1972"]
[Annotator "RC"]
[PlyCount "110"]
[EventDate "2024.03.31"]
[EventType "swiss"]
[EventCountry "HUN"]
[SourceTitle "playchess.com"]
[Source "ChessBase"]
[SourceQuality "1"]
[TimeControl "5400+30"]

1. d4 Nf6 2. Bf4 g6 3. e3 Bg7 4. Nf3 O-O 5. h3 d6 6. Be2 b6 7. c4 Bb7 8. Bh2 Nbd7 9. Nc3 Re8 10. O-O e5 11. b4 Ne4 12. Nxe4 Bxe4 13. Rc1 Qe7 14. Nd2 Nf6 15. Nxe4 Nxe4 16. Bf3 exd4 17. exd4 Qh4 18. Rc2 Rad8 19. Kh1 Bxd4 20. Bg3 Qf6 21. Qd3 Nxg3+ 22. fxg3 Re3 23. Qd1 Qe5 24. Bd5 Kh8 25. Rcf2 f5 26. Rf4 c5 27. g4 Re8 28. gxf5 Qxf4 29. Rxf4 Re1+ 30. Rf1 Rxd1 31. Rxd1 gxf5 32. b5 Re2 33. a3 Re3 34. Rf1 f4 35. a4 Ra3 36. g3 fxg3 37. Rf8+ Kg7 38. Rg8+ Kf6 39. Kg2 Be5 40. h4 Kf5 41. Rf8+ Kg4 42. Bf3+ Kxh4 43. Rf5 Ra2+ 44. Kf1 g2+ 45. Bxg2 Rxa4 46. Bd5 Ra2 47. Rf7 h6 48. Bb7 Kg5 49. Ba6 Ra4 50. Rxa7 Rxc4 51. Rb7 h5 52. Rxb6 h4 53. Rb8 h3 54. Rg8+ Kf4 55. Bb7 Ke3 0-1

[Event "Hungarian Youth-ch I 2024"]
[Site "Szolnok"]
[Date "2024.04.05"]
[Round "7.23"]
[White "Kovacs, Veronika"]
[Black "Harkai, Emma"]
[Result "1/2-1/2"]
[ECO "A13"]
[WhiteElo "1931"]
[BlackElo "1918"]
[Annotator "RC"]
[PlyCount "75"]
[EventDate "2024.03.31"]
[EventType "swiss"]
[EventCountry "HUN"]
[SourceTitle "playchess.com"]
[Source "ChessBase"]
[SourceQuality "1"]
[TimeControl "5400+30"]

1. c4 e6 2. Nf3 d5 3. g3 Nf6 4. Bg2 dxc4 5. Qa4+ Bd7 6. Qxc4 c5 7. O-O Nc6 8. d4 cxd4 9. Nxd4 Rc8 10. Nxc6 Bxc6 11. Bxc6+ Rxc6 12. Qb5 Qc8 13. Nc3 a6 14. Qb3 Be7 15. Bf4 O-O 16. Rac1 b5 17. Nb1 Nd5 18. Rxc6 Qxc6 19. Rc1 Qb6 20. Bd2 Bc5 21. e3 b4 22. Kg2 Nf6 23. Qc4 Nd7 24. Be1 a5 25. Nd2 Qb7+ 26. Kg1 Be7 27. Qc7 Qd5 28. Qc4 Nb6 29. Qxd5 Nxd5 30. e4 Nb6 31. Rc6 Rb8 32. f4 Na4 33. Nc4 Nc5 34. e5 Nd3 35. Bf2 a4 36. Bd4 b3 37. axb3 axb3 38. Bc3 1/2-1/2

[Event "Hungarian Youth-ch I 2024"]
[Site "Szolnok"]
[Date "2024.04.05"]
[Round "7.24"]
[White "Kovacs, Reka"]
[Black "Balazs, Sztella Anna"]
[Result "0-1"]
[ECO "B32"]
[WhiteElo "1855"]
[BlackElo "1805"]
[Annotator "NA RC"]
[PlyCount "136"]
[EventDate "2024.03.31"]
[EventType "swiss"]
[EventCountry "HUN"]
[SourceTitle "playchess.com"]
[Source "ChessBase"]
[SourceQuality "1"]
[TimeControl "5400+30"]

1. e4 c5 2. Nf3 Nc6 3. d4 cxd4 4. Nxd4 e5 5. Nb5 d6 6. N1c3 a6 7. Na3 Be6 8. Nc4 Rb8 {[%emt 0:00:12] B32: Sicilian: Löwenthal and Kalashnikov Variations.} 9. Bd3 Nf6 10. Bg5 Be7 11. Bxf6 Bxf6 12. Ne3 O-O 13. Ncd5 Bg5 14. h4 Bxe3 15. Nxe3 Qa5+ 16. c3 Rbd8 17. O-O Ne7 18. Qf3 d5 19. exd5 Nxd5 20. Nxd5 Bxd5 21. Qf5 g6 22. Qxe5 Qb6 23. Qe2 Rfe8 24. Qc2 Qf6 25. h5 Qg5 $2 ({Stronger than} 25... gxh5 26. Rfd1 $11 (26. Bxh7+ Kh8 $14)) (25... Bxg2 $19 {and Black stays clearly on top.} 26. Kxg2 Qg5+ (26... gxh5 $2 {is the wrong capture.} 27. Rfe1 $18) 27. Kh3 Qxh5+ (27... gxh5 $2 28. Rg1 $18) 28. Kg3 Rd5 (28... Qg5+ $2 29. Kh3 $19)) 26. f4 Qxh5 27. c4 Bc6 28. f5 Bxg2 29. fxg6 hxg6 30. Qxg2 Rxd3 31. Rae1 Rde3 32. Rxe3 Rxe3 33. b3 Qh4 34. Rf3 Re5 35. Rg3 Re1+ 36. Kf2 Qe4 37. Qxe4 Rxe4 38. Rd3 Re7 39. c5 f5 40. c6 Kf7 41. Rc3 bxc6 42. Rxc6 Re6 43. Rc5 Kf6 44. b4 Rb6 45. a4 Rxb4 46. Rc6+ Kg5 47. Rxa6 Rb2+ 48. Kf3 Ra2 49. a5 Ra3+ 50. Kf2 f4 51. Kg2 Kf5 52. Ra8 g5 53. a6 Kg4 54. a7 f3+ 55. Kf2 Ra2+ 56. Ke3 Kg3 57. Rg8 Ra3+ 58. Ke4 f2 59. Rxg5+ Kh2 60. Rf5 Kg2 61. Rg5+ Kf1 62. Rb5 Rxa7 63. Kf3 Ra3+ 64. Kf4 Rd3 65. Re5 Kg2 66. Rg5+ Kh2 67. Rh5+ Rh3 68. Kg4 Rxh5 ({And not} 68... f1=B 69. Rxh3+ Bxh3+ $11) 0-1

[Event "Hungarian Youth-ch I 2024"]
[Site "Szolnok"]
[Date "2024.04.05"]
[Round "7.25"]
[White "Toth, Timea"]
[Black "Nandin-Erdene, Davaademberel"]
[Result "1/2-1/2"]
[ECO "B12"]
[WhiteElo "1978"]
[BlackElo "1978"]
[Annotator "RC"]
[PlyCount "101"]
[EventDate "2024.03.31"]
[EventType "swiss"]
[EventCountry "HUN"]
[SourceTitle "playchess.com"]
[Source "ChessBase"]
[SourceQuality "1"]
[TimeControl "5400+30"]

1. e4 c6 2. d4 g6 3. Nf3 Bg7 4. Be2 d6 5. h3 Nd7 6. c3 Qc7 7. Bf4 e5 8. dxe5 dxe5 9. Bh2 Ngf6 10. Nbd2 O-O 11. Qc2 b5 12. a4 Rb8 13. axb5 cxb5 14. O-O Re8 15. b4 Bf8 16. Rfc1 Bd6 17. Qa2 Bb7 18. Bxb5 Bxe4 19. Bc4 Nb6 20. Bxf7+ Qxf7 21. Qxf7+ Kxf7 22. Ng5+ Ke7 23. Ngxe4 Rb7 24. Nxf6 Kxf6 25. Ne4+ Ke6 26. Nxd6 Kxd6 27. Rd1+ Kc6 28. Ra5 Rbe7 29. f3 Kb7 30. Rda1 Nc8 31. Re1 e4 32. fxe4 Rxe4 33. Rxe4 Rxe4 34. Kf2 Rc4 35. Be5 Nb6 36. Bd4 Rc8 37. Ke2 Re8+ 38. Kd3 Re1 39. Rb5 Rd1+ 40. Ke2 Rc1 41. Kd2 Ra1 42. c4 Ra2+ 43. Kd3 Kc6 44. Bxb6 axb6 45. Rg5 Rf2 46. b5+ Kd6 47. g3 Rf1 48. Ke4 Re1+ 49. Kd3 Rd1+ 50. Kc2 Rg1 51. Kd3 1/2-1/2

[Event "Hungarian Youth-ch I 2024"]
[Site "Szolnok"]
[Date "2024.04.05"]
[Round "7.26"]
[White "Beznicza, Mira"]
[Black "Szarvas, Nora"]
[Result "0-1"]
[ECO "C42"]
[WhiteElo "1801"]
[BlackElo "1955"]
[Annotator "RC"]
[PlyCount "114"]
[EventDate "2024.03.31"]
[EventType "swiss"]
[EventCountry "HUN"]
[SourceTitle "playchess.com"]
[Source "ChessBase"]
[SourceQuality "1"]
[TimeControl "5400+30"]

1. e4 e5 2. Nf3 Nf6 3. d3 Nc6 4. g3 Bc5 5. Bg2 d6 6. O-O Bg4 7. h3 Bh5 8. c3 Qd7 9. Nbd2 h6 10. Qe1 O-O-O 11. b4 Bb6 12. Nh4 g5 13. Nf5 Bg6 14. Ne3 a6 15. a4 Qe6 16. Ndc4 Nd7 17. Nd5 f5 18. Ncxb6+ Nxb6 19. Nxb6+ cxb6 20. Be3 f4 21. Bxb6 Rdf8 22. Qd1 h5 23. b5 Nb8 24. d4 Nd7 25. d5 Qf7 26. Ba5 f3 27. Bh1 Bxe4 28. bxa6 bxa6 29. c4 Nc5 30. Ra2 Qb7 31. Qd2 Nb3 32. Qc3 Nxa5 33. Qxa5 g4 34. Qc3 Qc7 35. Rb2 Bxd5 36. Qe3 Bxc4 37. Rfb1 Bd5 38. Rc1 Bc4 39. Rcb1 Rf7 40. Qe4 d5 41. Rb8+ Kd7 42. Qg6 Rxb8 43. Qxf7+ Kd6 44. Qg6+ Kc5 45. Rc1 Qa5 46. Qg5 e4 47. Qe3+ Kc6 48. Qh6+ Kc5 49. Qe3+ Kc6 50. Qh6+ Kb7 51. Qd6 Qb6 52. Qd7+ Ka8 53. hxg4 hxg4 54. Qxg4 Qb2 55. Qf4 Qb4 56. g4 Rg8 57. g5 Qe7 0-1

[Event "Hungarian Youth-ch I 2024"]
[Site "Szolnok"]
[Date "2024.04.05"]
[Round "7.27"]
[White "Karacsonyi, Luca"]
[Black "Bende, Eniko Tunde"]
[Result "1-0"]
[ECO "B22"]
[WhiteElo "1956"]
[BlackElo "1650"]
[Annotator "RC"]
[PlyCount "59"]
[EventDate "2024.03.31"]
[EventType "swiss"]
[EventCountry "HUN"]
[SourceTitle "playchess.com"]
[Source "ChessBase"]
[SourceQuality "1"]
[TimeControl "5400+30"]

1. e4 c5 2. c3 Nc6 3. d4 d6 4. d5 Ne5 5. f4 Nd7 6. Nf3 Nb6 7. c4 Bg4 8. Nc3 Nf6 9. h3 Bxf3 10. Qxf3 g6 11. Bd3 Bg7 12. Bd2 O-O 13. g4 Nfd7 14. h4 Re8 15. h5 e6 16. hxg6 fxg6 17. O-O-O exd5 18. exd5 Nf6 19. f5 Nbd7 20. g5 Ne5 21. Qh3 Nxd3+ 22. Qxd3 Nd7 23. f6 Bf8 24. f7+ Kxf7 25. Rxh7+ Bg7 26. Rf1+ Kg8 27. Qxg6 Re7 28. Rfh1 Kf8 29. Rh8+ Bxh8 30. Rxh8# 1-0

[Event "Hungarian Youth-ch I 2024"]
[Site "Szolnok"]
[Date "2024.04.05"]
[Round "8.6"]
[White "Kolimar, Kristof Pal"]
[Black "Csernyik, Mark"]
[Result "1/2-1/2"]
[ECO "E64"]
[WhiteElo "2282"]
[BlackElo "2016"]
[Annotator "RC"]
[PlyCount "83"]
[EventDate "2024.03.31"]
[EventType "swiss"]
[EventCountry "HUN"]
[SourceTitle "playchess.com"]
[Source "ChessBase"]
[SourceQuality "1"]
[TimeControl "5400+30"]

1. d4 Nf6 2. c4 g6 3. g3 Bg7 4. Bg2 O-O 5. Nc3 d6 6. Nf3 c5 7. d5 e6 8. O-O Re8 9. Re1 h6 10. Nd2 exd5 11. cxd5 Nbd7 12. a4 g5 13. a5 Nf8 14. Nc4 Ng6 15. Nb5 Bf8 16. e4 a6 17. Nba3 Nd7 18. Bd2 Nge5 19. f4 Nxc4 20. Nxc4 gxf4 21. gxf4 Qh4 22. Qf3 Rb8 23. Bc3 b5 24. axb6 Nxb6 25. Na5 Bd7 26. e5 Bg7 27. Re3 Na4 28. Nc4 Nxc3 29. bxc3 dxe5 30. Nxe5 Bf5 31. Nc6 Rbc8 32. Rxa6 Kh7 33. Ra7 Ra8 34. d6 Rxa7 35. Nxa7 Rd8 36. Qd5 Qxf4 37. Rf3 Qc1+ 38. Rf1 Qe3+ 39. Kh1 Be6 40. Qe4+ Qxe4 41. Bxe4+ Kg8 42. Nb5 1/2-1/2